[Event "Slovakian ECo-C Extraliga 2024-25"]
[Site "Slovakia"]
[Date "2024.11.23"]
[Round "1.1"]
[White "Navara, David"]
[Black "Karacsonyi, Gellert"]
[Result "1-0"]
[ECO "E20"]
[WhiteElo "2674"]
[BlackElo "2390"]
[Annotator "TA"]
[PlyCount "55"]
[EventDate "2024.09.12"]
[EventType "team-tourn"]
[EventCountry "SVK"]
[SourceTitle "playchess.com"]
[Source "ChessBase"]
[SourceQuality "1"]
[TimeControl "5400+30"]

1. d4 Nf6 2. c4 e6 3. Nc3 Bb4 4. f3 d5 5. a3 Be7 6. e4 dxc4 7. Be3 O-O 8. Bxc4 b6 {[%emt 0:00:28] White is slightly better.} 9. e5 Nd5 10. Nxd5 exd5 11. Ba2 Bf5 (11... c5 $11) 12. Ne2 $14 Kh8 {[%emt 0:03:59] Black is on the road to losing.} (12... c5 $14) 13. O-O $16 f6 14. f4 Bg4 15. h3 Bxe2 (15... Bc8 $16 16. Rc1 f5) 16. Qxe2 $18 f5 (16... c5 {might work better.} 17. dxc5 bxc5) 17. Rac1 c6 18. g4 g6 19. Kh2 a5 20. Bb1 Qe8 {[%emt 0:00:29] [#]} 21. h4 h5 $2 (21... c5 22. h5 (22. dxc5 bxc5 23. gxf5 gxf5 $18) 22... cxd4) 22. gxf5 gxf5 23. Rg1 Ra7 24. Rg2 Bxh4 25. Rcg1 {[%emt 0:00:56] [#] Black must now prevent Rg6.} Rh7 26. Rg6 {[%emt 0:00:42] Threatens to win with Qg2.} Nd7 27. Qg2 (27. Rxc6 Nxe5 28. dxe5 Qxc6 $14) 27... Bf6 28. Bxf5 {[%emt 0:00:53] Weighted Error Value: White=0.20 (precise) /Black=0.64.  Mistake:       	White=1     	Black=5      Inaccurate:     	---       	Black=1      OK:         	White=7     	Black=3      Best:        	White=1     	---} 1-0

[Event "Slovakian ECo-C Extraliga 2024-25"]
[Site "Slovakia"]
[Date "2024.11.23"]
[Round "1.1"]
[White "Aczel, Gergely"]
[Black "Neugebauer, Martin"]
[Result "0-1"]
[ECO "E46"]
[WhiteElo "2488"]
[BlackElo "2525"]
[Annotator "TA"]
[PlyCount "85"]
[EventDate "2024.09.12"]
[EventType "team-tourn"]
[EventCountry "SVK"]
[SourceTitle "playchess.com"]
[Source "ChessBase"]
[SourceQuality "1"]
[TimeControl "5400+30"]

1. d4 Nf6 2. c4 e6 3. Nc3 Bb4 4. e3 O-O 5. Bd2 d5 6. Nf3 b6 7. cxd5 exd5 8. Rc1 {[%emt 0:00:06] E51: Nimzo-Indian: Rubinstein: 4...0-0 5 Nf3 d5.} c5 9. dxc5 bxc5 10. Na4 (10. a3 Ba5 11. Bb5 {½-½ Aczel,G (2477)-Neugebauer,M (2517) SVK-chT 2223 2022 (11.4)}) 10... Bxd2+ 11. Nxd2 c4 12. Be2 $146 ({Predecessor:} 12. b3 Bb7 13. Be2 Bc6 14. bxc4 d4 15. Bf3 dxe3 16. fxe3 Qe8 17. Bxc6 Qxe3+ 18. Qe2 Qxe2+ 19. Kxe2 Nxc6 {0-1 Krasteva,B (2305)-Petrosyan,M (2625) Veliko Gradiste Silver Lake op-A 2021 (4)}) 12... Bd7 13. O-O Na6 14. Nc3 $1 Rc8 15. e4 (15. b3 $16) 15... d4 $11 16. Nd5 d3 17. Bf3 Nxd5 18. exd5 Qh4 $1 19. b3 cxb3 20. Qxb3 Nc5 21. Qb2 Qh6 22. Nc4 Rfe8 23. Qd4 Qa6 24. Ne5 $2 (24. Ne3 $11 {and White has nothing to worry.} Qf6 25. Qxf6 gxf6 26. Rc4) 24... d2 $1 $19 25. Rcd1 Qf6 ({Inferior is} 25... Qxa2 26. Nxd7 (26. Rxd2 Nb3 $11) 26... Nxd7 27. Qxd2 Qxd2 28. Rxd2 $16) 26. Nc6 (26. Qxc5 $142 Rxc5 27. Nxd7 Qxf3 28. gxf3 Rxd5 29. Nc5 Rg5+ (29... Rxc5 30. Rxd2 g6 31. Rb1 $15) 30. Kh1 Rxc5 31. Rxd2) 26... Rxc6 $1 $19 27. Qxf6 Rxf6 28. Rxd2 Rb6 29. Rc1 Ne4 30. Bxe4 Rxe4 31. f3 Ra4 32. Rc7 Rd6 33. Rb2 Kf8 ({Weaker is} 33... Rxd5 34. Rb8+) 34. Rbb7 Ke7 35. Rxa7 Rxa7 36. Rxa7 Rxd5 37. Kf2 Rd4 38. Ra3 Ra4 39. Re3+ Be6 40. a3 Kd6 41. g4 h5 42. h3 (42. gxh5 $142 Rh4 43. Kg1) 42... h4 $19 43. Rd3+ 0-1

[Event "Slovakian ECo-C Extraliga 2024-25"]
[Site "Slovakia"]
[Date "2024.11.23"]
[Round "1.1"]
[White "Sahidi, Samir"]
[Black "Krejci, Jan"]
[Result "1/2-1/2"]
[ECO "B41"]
[WhiteElo "2485"]
[BlackElo "2526"]
[Annotator "TA"]
[PlyCount "36"]
[EventDate "2024.09.12"]
[EventType "team-tourn"]
[EventCountry "SVK"]
[SourceTitle "playchess.com"]
[Source "ChessBase"]
[SourceQuality "1"]
[TimeControl "5400+30"]

1. e4 c5 2. Nf3 e6 3. d4 cxd4 4. Nxd4 a6 5. c4 Nf6 6. Nc3 Qc7 7. Bd3 Bc5 8. Nb3 {[%emt 0:01:51] Nxc5 would now be deadly.} Be7 9. Be3 d6 10. O-O {[%emt 0:02:07] White is more active. White is slightly better.} Nbd7 11. f4 b6 12. Qf3 Bb7 13. Rae1 h5 14. h3 h4 15. Bf2 (15. Nd4 $14) 15... Nh5 16. Qg4 (16. Rc1 $14) 16... Ndf6 ({Better is} 16... O-O-O $15) 17. Qf3 $1 $14 ({Don't play} 17. Qxh4 Nxe4 18. Qg4 Nef6 $17) 17... Nd7 18. Qg4 ({White should try} 18. Be2 $14) 18... Ndf6 {[%emt 0:00:05] Weighted Error Value: White=0.27 (precise) /Black=0.17 (very precise) .  Mistake:       	White=3     	Black=1      Inaccurate:     	White=1     	Black=3      OK:         	White=2     	Black=3      Best:        	---       	Black=1      Strong:       	White=1     	---} 1/2-1/2

[Event "Slovakian ECo-C Extraliga 2024-25"]
[Site "Slovakia"]
[Date "2024.11.23"]
[Round "1.1"]
[White "Haring, Filip"]
[Black "Mihok, Oliver"]
[Result "0-1"]
[ECO "B32"]
[WhiteElo "2483"]
[BlackElo "2522"]
[Annotator "TA"]
[PlyCount "130"]
[EventDate "2024.09.12"]
[EventType "team-tourn"]
[EventCountry "SVK"]
[SourceTitle "playchess.com"]
[Source "ChessBase"]
[SourceQuality "1"]
[TimeControl "5400+30"]

1. e4 c5 2. Nf3 Nc6 3. d4 cxd4 4. Nxd4 Qb6 5. Nb3 Nf6 6. Nc3 e6 7. Be3 Qc7 8. a3 a6 9. f4 d6 10. g4 h6 11. Bg2 b5 12. h4 {[%emt 0:08:56] White is slightly better.} b4 $1 13. axb4 Nxb4 14. Bf3 Rb8 15. g5 hxg5 16. hxg5 (16. fxg5 $11 Nd7 17. Nd4) 16... Rxh1+ $19 17. Bxh1 {[%emt 0:00:01] [#]} Ng4 18. Bg1 {[%emt 0:00:11][%cal Oe1d2] [#]} d5 $1 19. Bf3 (19. e5 Nxe5) 19... Qxf4 20. Bxg4 Nxc2+ 21. Qxc2 Qxg4 22. Ba7 Qh4+ 23. Bf2 Qh1+ 24. Ke2 Qh5+ 25. Kf1 (25. Kd2 $11) 25... Qxg5 (25... Be7 $1 $15) 26. Nd4 Qh5 {[%emt 0:03:57] ...e5 is the strong threat.} 27. Re1 (27. Bg3 $11 Rb4 28. Ra4) 27... Qh3+ (27... e5 $1 $17 {( -> ...Bh3+)} 28. Nf5 (28. exd5 $2 {perishes.} Bh3+ 29. Kg1 Qg5+ $19) 28... d4) 28. Ke2 {[%emt 0:00:44] [#]} (28. Kg1 $1 $11 {was the only way to keep the balance.} Bd6 29. e5) 28... dxe4 (28... e5 $1 $17 29. Nxd5 exd4 30. Bxd4 Bd7) 29. Nxe4 Bd7 30. Kd1 Bb4 31. Nc3 Rc8 32. Be3 (32. Re3 $11 Qh1+ 33. Be1) 32... e5 $17 {[%emt 0:02:05] Some like it hot} 33. Qe4 Qg4+ 34. Qxg4 Bxg4+ {[%emt 0:00:03] This pair of bishops is nice.} 35. Nde2 Bxc3 (35... f5 $17 36. Kd2 Kf7) 36. bxc3 $11 Rxc3 (36... f5 $5) 37. Kd2 Rc6 38. Nc3 Rd6+ 39. Kc2 (39. Kc1 $11 {remains equal.}) 39... f6 40. Na4 Kf7 41. Nc5 g5 42. Rg1 ({White should try} 42. Nb7 Rd5 43. Ra1) 42... Bf3 $17 43. Ra1 Be2 44. Re1 Bb5 45. Rg1 Rd5 46. Ra1 {[%emt 0:00:00] [#]} (46. Kc3 $17) 46... Rd8 (46... f5 $1 $19 {Strongly threatening ...f4.} 47. Nxa6 Bd3+ (47... Bxa6 $2 48. Rxa6 f4 49. Bd2 $17) 48. Kc3 Bxa6 49. Rxa6 f4) 47. Rg1 Kg6 48. Rg2 Rd6 49. Bd2 Kf5 50. Be3 Rd5 51. Rf2+ Kg6 52. Rg2 a5 53. Rg1 a4 54. Rb1 Bd7 55. Nxd7 (55. Rb6 $17 {was necessary.}) 55... Rxd7 {[%emt 0:00:04][%mdl 4096] Endgame. KRB-KR} 56. Rb4 (56. Rb5 {was called for.}) 56... f5 $19 {[%emt 0:01:09] ...f4 would now be deadly.} 57. Rxa4 (57. Rb6+ $142 Kh5 58. Rb5) 57... f4 58. Bd2 Kf5 59. Kd1 g4 60. Ke2 Rh7 {[%emt 0:01:19] And now ...Rh2+ would win.} 61. Bc3 Rh2+ 62. Kf1 g3 {[%emt 0:01:01] Black mates.} 63. Ra5 f3 64. Bd4 Rh1+ 65. Bg1 f2 {[%emt 0:00:06] Weighted Error Value: White=0.54/Black=0.21 (precise) .  Loses game:     	White=2     	---        Missed win:     	---       	Black=1      Mistake:       	White=9     	Black=5      Inaccurate:     	White=3     	Black=2      OK:         	White=13    	Black=13     Best:        	White=4     	Black=5      Strong:       	---       	Black=1      Brilliant:      	---       	Black=1} 0-1

[Event "Slovakian ECo-C Extraliga 2024-25"]
[Site "Slovakia"]
[Date "2024.11.23"]
[Round "1.1"]
[White "Cernousek, Lukas"]
[Black "Pechac, Jergus"]
[Result "0-1"]
[ECO "B22"]
[WhiteElo "2445"]
[BlackElo "2598"]
[Annotator "TA"]
[PlyCount "116"]
[EventDate "2024.09.12"]
[EventType "team-tourn"]
[EventCountry "SVK"]
[SourceTitle "playchess.com"]
[Source "ChessBase"]
[SourceQuality "1"]
[TimeControl "5400+30"]

1. e4 c5 2. c3 d5 3. exd5 Qxd5 4. d4 Nc6 5. Nf3 Nf6 6. Be2 cxd4 7. cxd4 e6 8. Nc3 Qd8 9. O-O Be7 10. Be3 O-O 11. Ne5 Bd7 12. Bf3 {[%emt 0:00:45] B22: Sicilian: 2 c3.} Be8 $5 {[%emt 0:00:19][%mdl 4] A promising side line.} 13. Rc1 Rc8 14. Qd2 Qa5 15. Rfd1 $146 ({Predecessor:} 15. Bf4 Rd8 16. Nxc6 Bxc6 17. Bxc6 bxc6 18. Be5 Qxe5 19. dxe5 Rxd2 20. exf6 Bxf6 21. b3 {0-1 Sveshnikov,E (2483)-Martinez Alcantara,J (2601) Riga Tal Memorial blitz 2019 (3)}) 15... Rd8 16. Qe2 h6 17. a3 Nxe5 18. dxe5 Rxd1+ 19. Rxd1 Qxe5 20. Bxb7 a5 21. Bd4 Qc7 22. Bf3 Bc6 23. Be5 Bxf3 24. Bxc7 Bxe2 25. Nxe2 a4 26. Nc3 Rc8 27. Ba5 Rc4 28. Kf1 Ng4 29. h3 Ne5 30. Ke1 (30. Ne2 $11 {remains equal.}) 30... Nc6 $17 31. Rd7 Bc5 32. Bc7 Bxa3 $1 33. Nxa4 Rxa4 34. bxa3 Rxa3 35. Bf4 Nb4 36. Ke2 Nd5 37. Bd2 Ra2 38. Kd3 g5 39. f3 Kg7 40. Rb7 (40. Rd8 $17 {is a better defense.}) 40... Kg6 (40... Kf6 $19 41. Rb8 Nf4+ 42. Bxf4 gxf4) 41. Rb8 $17 Kf5 42. Rh8 $2 (42. Rf8 $17 {is more resistant.}) 42... Nf4+ $19 43. Bxf4 Kxf4 44. Rxh6 f5 (44... Rxg2 45. Rf6+ Kg3 46. Rxf7 $11) 45. h4 Rxg2 46. hxg5 e5 (46... Kxf3 47. Rxe6 Rxg5 48. Re5 $11) 47. g6 Kxf3 48. Rh3+ Kf4 (48... Kf2 $142 49. Rh1 e4+ (49... Rxg6 50. Rh5 $19) 50. Kd4 e3 (50... Rxg6 $2 51. Rh5 $19) 51. Ke5 Rxg6 52. Kxf5 Rg3 53. Rc1 e2 54. Rc2 Re3 (54... Kf1 55. Rc1+ e1=Q 56. Rxe1+ Kxe1 57. Kf4 Rd3 58. Ke5 Kf2 59. Ke4 Rd1 60. Kf5 Kf3 61. Ke5 Rd3 62. Kf5 Re3 63. Kg5 Ke4 64. Kg6 Ke5 65. Kg5 Rg3+ 66. Kh4 Kf4 67. Kh5 Rg4 68. Kh6 Kf5 69. Kh5 Re4 70. Kh6 Re7 71. Kh5 Rh7#) 55. Kf4 Re8 56. Rb2 Kf1 57. Rb1+ e1=Q (57... e1=B 58. Kf3 $15) 58. Rxe1+ Kxe1 59. Kf3 Kd2 60. Kf4 Ke2 61. Kg4 Rf8 62. Kg3 Ke3 63. Kg4 Rf4+ 64. Kh5 Rf5+ 65. Kg6 Kf4 66. Kh6 Rf6+ 67. Kh7 Kg5 68. Kg7 Rf4 69. Kh8 Kh6 70. Kg8 Kg6 71. Kh8 Rf8#) 49. Rh4+ $19 Kg5 50. Rh8 Kf4 (50... Kxg6 51. Rg8+ Kf7 52. Rxg2 Kf6 53. Kc4 e4 54. Kd4 Ke7 55. Ke5) (50... Kf6 51. Rf8+ Ke6 (51... Kxg6 52. Rg8+ Kf7 53. Rxg2 Ke7 54. Kc4 Kf7 55. Kd5 Kf6 56. Re2) 52. Re8+ Kd6 53. Ra8 $11) 51. Rh4+ $1 Kf3 (51... Kg5 52. Rh8 e4+ (52... Kxg6 53. Rg8+ Kf6 54. Rxg2 Ke7 55. Rg6 Kf7 56. Ra6 Kg7 57. Kc4) (52... Kf6 53. Rf8+ Ke6 54. Re8+ Kd6 55. Ra8 $15) 53. Ke3 Rg3+ (53... Kxg6 54. Rg8+ Kf7 55. Rxg2 Kf6 56. Kf4 Ke6 57. Rg5 Kd5 58. Rxf5+ Kd4 59. Re5) 54. Ke2) (51... Kg3 $19 52. Rb4 Kf3) 52. Rh3+ Kf2 53. Rh5 Rg3+ (53... Rxg6 54. Rxf5+ Kg3 55. Rf8 $11) 54. Kd2 f4 ({Inferior is} 54... Rxg6 55. Rxf5+ Kg2 56. Rf7 $11) 55. Rxe5 f3 56. Re6 Kg1 $2 (56... Kf1 $17 57. Ke3 f2+ 58. Ke4 Ke2 59. Kf4+ Kd3 60. Kxg3 (60. Rd6+ $2 Kc3 $19) 60... f1=Q (60... f1=R $2 {perishes.} 61. Kg4 $18)) 57. Rf6 {[%emt 0:00:13] [#]} f2 $1 58. Ke2 Rg2 0-1

[Event "Slovakian ECo-C Extraliga 2024-25"]
[Site "Slovakia"]
[Date "2024.11.23"]
[Round "1.1"]
[White "Hrbek, Stepan"]
[Black "Antoniewski, Rafal"]
[Result "1/2-1/2"]
[ECO "A50"]
[WhiteElo "2407"]
[BlackElo "2444"]
[Annotator "ChessBase"]
[PlyCount "101"]
[EventDate "2024.09.12"]
[EventType "team-tourn"]
[EventCountry "SVK"]
[SourceTitle "playchess.com"]
[Source "ChessBase"]
[SourceQuality "1"]
[TimeControl "5400+30"]

1. d4 Nf6 2. c4 b6 3. f3 Nc6 4. Nc3 d5 5. cxd5 Nxd5 6. f4 e6 7. e4 Nxc3 8. bxc3 Bb7 9. Nf3 Be7 10. Bd3 O-O 11. O-O Na5 12. Qe2 c5 13. Bb2 cxd4 14. cxd4 Rc8 15. Rad1 Qc7 16. Ne5 f6 17. Ng4 Bb4 18. Ne3 Qe7 19. Nc2 Bc3 20. Ba3 Bxd4+ 21. Nxd4 Qxa3 22. Nxe6 Rfe8 23. f5 Re7 24. e5 Qc3 25. exf6 Qxf6 26. Be4 Qe5 27. Rde1 Qxe4 28. Qxe4 Bxe4 29. Rxe4 Rce8 30. g4 Nb7 31. Rfe1 Nd8 32. Ng5 Rxe4 33. Rxe4 Rxe4 34. Nxe4 Nc6 35. Kf2 b5 36. Ke3 a5 37. g5 Kf8 38. h4 Ne7 39. Nd6 b4 40. Kd4 g6 41. fxg6 Nxg6 42. h5 Nf4 43. Kc4 Nxh5 44. Kb5 Nf4 45. Kxa5 Nd5 46. Kb5 Nc3+ 47. Kxb4 Nxa2+ 48. Kc4 Kg7 49. Ne4 Kg6 50. Nf6 Kxg5 51. Nxh7+ 1/2-1/2

[Event "Slovakian ECo-C Extraliga 2024-25"]
[Site "Slovakia"]
[Date "2024.11.23"]
[Round "1.2"]
[White "Laurusas, Tomas"]
[Black "Bochnicka, Vladimir"]
[Result "1-0"]
[ECO "D63"]
[WhiteElo "2579"]
[BlackElo "2347"]
[Annotator "TA"]
[PlyCount "73"]
[EventDate "2024.09.12"]
[EventType "team-tourn"]
[EventCountry "SVK"]
[SourceTitle "playchess.com"]
[Source "ChessBase"]
[SourceQuality "1"]
[TimeControl "5400+30"]

1. Nf3 d5 2. d4 Nf6 3. c4 e6 4. Bg5 Be7 5. Nc3 O-O 6. e3 Nbd7 7. Rc1 a6 8. cxd5 exd5 9. Bd3 h6 10. Bf4 c6 11. h3 Re8 {[%emt 0:01:44] White is slightly better.} 12. O-O Nf8 13. Bg3 Ne6 14. Ne5 c5 15. dxc5 Nxc5 16. Nf3 Nfe4 17. Be5 Be6 18. Bb1 Qd7 19. Nd4 {[%emt 0:05:20] [#] Black must now prevent b4.} Rac8 20. Nce2 a5 21. Nf4 {[%emt 0:02:49] Strongly threatening Ndxe6.} Bd6 22. Bxd6 Qxd6 23. Qe2 Qe5 (23... Bd7 $11 {remains equal.}) 24. Rfd1 Red8 (24... b6 $142) 25. Qb5 $16 Nd6 (25... a4 $16 26. Ndxe6 fxe6 27. Bxe4 Nxe4) 26. Qxa5 $18 Nc4 27. Qc3 Ne4 28. Bxe4 Qxe4 29. b3 Nd6 30. Qb4 Rxc1 31. Rxc1 Nf5 32. Qb6 ({Weaker is} 32. Qxb7 Nxd4 33. Qb6 Ra8 $14) 32... Rd6 {[%emt 0:00:27] [#]} (32... Re8 {is a better defense.} 33. Ndxe6 (33. Qxb7 $2 {too greedy.} Nxd4 34. Kh1 Nf5 $19) 33... fxe6 34. Qxb7 Nxe3) 33. Qxb7 Kh7 34. Nxf5 Qxf5 35. Qc7 Rd7 36. Qc2 d4 37. Nxe6 {[%emt 0:00:30] Weighted Error Value: White=0.25 (precise) /Black=0.51.  Mistake:       	---       	Black=4      Inaccurate:     	White=3     	Black=3      OK:         	White=12    	---        Best:        	White=1     	---} 1-0

[Event "Slovakian ECo-C Extraliga 2024-25"]
[Site "Slovakia"]
[Date "2024.11.23"]
[Round "1.2"]
[White "Kaczur, Florian"]
[Black "Mazur, Stefan"]
[Result "1/2-1/2"]
[ECO "C47"]
[WhiteElo "2509"]
[BlackElo "2412"]
[Annotator "TA"]
[PlyCount "58"]
[EventDate "2024.09.12"]
[EventType "team-tourn"]
[EventCountry "SVK"]
[SourceTitle "playchess.com"]
[Source "ChessBase"]
[SourceQuality "1"]
[TimeControl "5400+30"]

1. e4 Nc6 2. Nc3 e5 3. Nf3 Nf6 4. d4 exd4 5. Nxd4 Bb4 6. Nxc6 bxc6 7. Bd3 d5 8. exd5 O-O 9. O-O cxd5 10. h3 $1 {[%emt 0:01:19] Dodges Bg4} Be6 11. Qf3 Rb8 12. Ne2 Qd7 13. Ng3 Rfe8 14. Bf4 Bd6 15. b3 Bxf4 16. Qxf4 c5 17. Rad1 d4 {[%emt 0:04:10] [#]} (17... Qb7 {simplifies} 18. Rfe1 Qb4 19. Qxb4 Rxb4 20. Be2 Rb6) 18. c3 $1 Nd5 19. Qh4 h6 20. cxd4 Nc3 $132 {[%emt 0:01:15][%csl LRa2,LRd1,LRd4][%mdl 2048] Black is not keeping still} 21. Rd2 Rb4 22. Nh5 {[%emt 0:03:19] aiming for Qg3.} Qd6 {[%emt 0:24:35] [#]} (22... Kf8 $11) 23. Nf6+ $1 gxf6 $11 24. Qxh6 Rxd4 (24... f5 $1 $11 25. Bxf5 (25. dxc5 Qxc5 26. Qg5+ Kf8 $11) 25... Rxd4 26. Bh7+ Kh8 27. Bg6+ Kg8) 25. Bh7+ $16 Kh8 {[%emt 0:00:06] And now ...Qf4 would win.} 26. Bf5+ {[%emt 0:01:41][%mdl 1024] White has strong compensation.} Kg8 27. Bh7+ Kh8 {[%emt 0:00:06] Threatens to win with ...Qf4.} 28. Bg6+ Kg8 {[%emt 0:00:06][%cal Od6f4] Hoping for ...Qf4!} 29. Bh7+ Kh8 {[%emt 0:00:42] Weighted Error Value: White=0.13 (very precise) /Black=0.12 (very precise) .  Mistake:       	White=1     	Black=2      Inaccurate:     	---       	Black=2      OK:         	White=6     	Black=8      Best:        	White=2     	Black=2} 1/2-1/2

[Event "Slovakian ECo-C Extraliga 2024-25"]
[Site "Slovakia"]
[Date "2024.11.23"]
[Round "1.2"]
[White "Tazbir, Marcin"]
[Black "Delgerdalai, Bayarjavkhlan"]
[Result "1-0"]
[ECO "C64"]
[WhiteElo "2493"]
[BlackElo "2347"]
[Annotator "RC"]
[PlyCount "75"]
[EventDate "2024.09.12"]
[EventType "team-tourn"]
[EventCountry "SVK"]
[SourceTitle "playchess.com"]
[Source "ChessBase"]
[SourceQuality "1"]
[TimeControl "5400+30"]

1. e4 e5 2. Nf3 Nc6 3. Bb5 a6 4. Ba4 Bc5 5. c3 Nge7 6. O-O Ng6 7. d4 Ba7 8. Bg5 f6 9. Be3 O-O 10. d5 Nce7 11. Bxa7 Rxa7 12. d6 cxd6 13. Qxd6 b5 14. Bb3+ Kh8 15. c4 bxc4 16. Bxc4 Qc7 17. Qxc7 Rxc7 18. b3 Bb7 19. Nc3 f5 20. Rad1 fxe4 21. Ng5 h6 22. Ngxe4 Nf4 23. g3 d5 24. gxf4 Rxf4 25. Nxd5 Bxd5 26. Rxd5 Nxd5 27. Bxd5 Rd7 28. Nc3 Rg4+ 29. Kh1 Rd4 30. Bc4 Rc7 31. Re1 Rc5 32. Re3 Rd2 33. Ne4 Rd1+ 34. Kg2 Rc6 35. Ng3 Rd2 36. a4 Rf6 37. Ne4 Rg6+ 38. Rg3 1-0

[Event "Slovakian ECo-C Extraliga 2024-25"]
[Site "Slovakia"]
[Date "2024.11.23"]
[Round "1.2"]
[White "Finek, Vaclav"]
[Black "Manik, Mikulas"]
[Result "1/2-1/2"]
[ECO "D71"]
[WhiteElo "2472"]
[BlackElo "2318"]
[Annotator "TA"]
[PlyCount "54"]
[EventDate "2024.09.12"]
[EventType "team-tourn"]
[EventCountry "SVK"]
[SourceTitle "playchess.com"]
[Source "ChessBase"]
[SourceQuality "1"]
[TimeControl "5400+30"]

1. d4 Nf6 2. c4 g6 3. g3 c5 4. d5 b5 5. cxb5 Bg7 6. Nc3 a6 7. bxa6 d6 {[%emt 0:00:25][%cal Od8a5] [#]} 8. a7 $1 {[%emt 0:00:27] White is slightly better.} Rxa7 (8... Nbd7 9. Nf3) 9. Nf3 O-O 10. Bg2 Na6 11. O-O Bf5 12. Nd2 Nb4 13. Nc4 Bc2 14. Qd2 Bb3 15. Na3 {[%emt 0:15:17] [#]} (15. axb3 Rxa1 16. e4 Nd7 $17) 15... Bxd5 16. Nxd5 Nfxd5 17. Nb5 Ra5 18. Nc3 Nb6 19. a3 Na6 20. Qc2 c4 21. Be3 Nc5 ({Black should play} 21... e6 $15) 22. Rad1 (22. Nd5 $11 {should be considered.}) 22... Nca4 23. Nxa4 Nxa4 24. Rb1 ({Of course not} 24. Qxc4 Nxb2 25. Qc6 Nxd1 $17 (25... Rxa3 26. Rc1 $15)) 24... d5 25. Rfd1 (25. Bd2 $5 c3 26. bxc3 $14) 25... e6 26. Bd2 {[%emt 0:09:22] [#]} c3 $1 27. bxc3 {[%emt 0:01:10] [#]} Nxc3 $1 {[%emt 0:00:05] Weighted Error Value: White=0.11 (very precise) /Black=0.10 (very precise) .  Mistake:       	White=1     	Black=1      Inaccurate:     	White=4     	Black=1      OK:         	White=10    	Black=7      Best:        	White=1     	Black=2      Brilliant:      	---       	Black=2} 1/2-1/2

[Event "Slovakian ECo-C Extraliga 2024-25"]
[Site "Slovakia"]
[Date "2024.11.23"]
[Round "1.2"]
[White "Stalmach, Richard"]
[Black "Plat, Vojtech"]
[Result "1-0"]
[ECO "D97"]
[WhiteElo "2444"]
[BlackElo "2464"]
[Annotator "TA"]
[PlyCount "87"]
[EventDate "2024.09.12"]
[EventType "team-tourn"]
[EventCountry "SVK"]
[SourceTitle "playchess.com"]
[Source "ChessBase"]
[SourceQuality "1"]
[TimeControl "5400+30"]

1. d4 Nf6 2. c4 g6 3. Nf3 Bg7 4. Nc3 d5 5. Qb3 dxc4 6. Qxc4 O-O 7. e4 a6 8. Be2 b5 9. Qb3 Bb7 10. e5 Nd5 11. O-O Nb6 (11... c5 $11 {remains equal.}) 12. a4 {[%emt 0:02:41] White is better.} bxa4 13. Nxa4 Bd5 14. Qc3 Nc6 15. Be3 Nxa4 16. Rxa4 a5 17. Rc1 Qb8 18. Nd2 e6 19. h4 Ne7 20. b3 (20. Bg5 $14 Re8 21. Nc4 (21. Rxa5 Rxa5 22. Qxa5 Nf5 $15) (21. Qxc7 Bf8 $14)) 20... Nf5 $11 21. h5 {[%emt 0:00:11] [#]} c5 $1 22. Qxc5 (22. dxc5 Bxe5 23. Qc2 (23. Qd3 $2 Rd8 $17) 23... Rc8 $17) 22... Nxe3 23. fxe3 Bh6 24. Qc3 (24. Rxa5 $2 Bxe3+ (24... Bxb3 25. Rxa8 Bxe3+ 26. Kf1 $16) 25. Kf1 Bxd2 $19) 24... Qb7 (24... Qd8 $15 25. Bf3 Rc8) 25. Bf3 (25. Rxa5 $2 Rxa5 (25... Bxg2 26. Rb5 $14) 26. Qxa5 Bxe3+ (26... Bxg2 27. Kf2 $15) 27. Kf1 Bxg2+ (27... Bxb3 28. Qc3 $11) 28. Ke1 Qe7 $19 (28... Bxd4 $2 29. Kd1 $19)) 25... Rfc8 {[%emt 0:05:08] [#]} ({Black should play} 25... f6 $1 $14) 26. Rc4 $1 $16 Rxc4 (26... Rf8 27. Rc7) 27. bxc4 Bxf3 28. gxf3 a4 29. c5 (29. hxg6 $18 hxg6 30. Ra1) 29... a3 {[%emt 0:03:26] Threatens to win with ...Qb2.} 30. Kf2 {[%emt 0:02:15][%cal Bg1f2,Bf2e2,Be2d3,Bd3c3,Bc3b3][%mdl 32] Ne4 is the strong threat.} Qe7 (30... Bg5 $16 {is a better defense.}) 31. hxg6 $18 Qh4+ (31... hxg6 $16 32. Ra1 Kg7 (32... Qh4+ $2 33. Ke2 $18)) 32. Ke2 hxg6 33. c6 {[%cal Bc5c6,Bc6c7][%mdl 32] c7 would now be deadly.} a2 34. c7 Rc8 (34... Qh2+ 35. Kd3 Bg5 36. c8=Q+ $18 (36. c8=R+ Rxc8 37. Qxc8+ Kg7 $18)) 35. Qb4 $2 (35. Ne4 $18 {has better winning chances.}) 35... Qg5 $2 {[%emt 0:01:08][%mdl 8192] Black cannot hold the game after this.} (35... Qh2+ 36. Kd3 Qf2 37. Nc4 (37. f4 Bxf4 38. exf4 Qg3+ 39. Ke2 Qg2+ 40. Ke3 Qa8 $18) 37... Qxf3 38. Qb8 $18) (35... Kg7 $16) 36. Nc4 {[%emt 0:01:02] Active counter play!} Qg2+ 37. Kd3 Qxf3 38. Qb8 Qf5+ 39. Kc3 Kg7 40. Qxc8 {[%emt 0:01:20] White mates.} Qb1 {[%emt 0:00:04] [#]} 41. Rxb1 $3 axb1=Q 42. Qd8 Qe1+ 43. Kb3 Qb1+ 44. Nb2 {[%emt 0:00:06] Weighted Error Value: White=0.24 (precise) /Black=0.36.  Loses game:     	---       	Black=1      Missed win:     	White=1     	---        Mistake:       	White=2     	Black=5      Inaccurate:     	White=2     	---        OK:         	White=4     	Black=12     Best:        	White=4     	Black=2      Brilliant:      	White=1     	Black=1} 1-0